 Dungeon Crawl Stone Soup version 0.26-a0-818-g75db068ed4 (webtiles) character file.

Game seed: 14633522513982677135

533 runemasterragnar the Slasher (level 7, 0/47 HPs)
             Began as an Octopode Fighter on Nov 14, 2020.
             Was an Initiate of Gozag.
             Slain by an orc wizard
             ... wielding a +0 dagger
              (6 damage)
             ... on level 4 of the Dungeon.
             The game lasted 00:05:09 (3979 turns).

runemasterragnar the Slasher (Octopode Fighter)     Turns: 3979, Time: 00:05:10

Health: 0/47       AC:  1    Str: 15    XL:     7   Next: 24%
Magic:  7/7        EV: 12    Int: 18    God:    Gozag
Gold:   494        SH:  9    Dex: 12    Spells: 4/7 levels left

rFire    . . .     SeeInvis +   a - +1 scimitar
rCold    . . .     Faith    .   b - +0 kite shield
rNeg     . . .     Spirit   .   (helmet restricted)
rPois    .         Reflect  .   (no amulet)
rElec    .         Harm     .   r - ring of see invisible
rCorr    .         Rampage  .   f - +6 ring of intelligence
MR       .....                  (no ring)
Stlth    +++.......             (no ring)
HPRegen  0.15/turn              (no ring)
MPRegen  0.10/turn              (no ring)
                                (no ring)
                                (no ring)

@: gold aura, slowed, very slow
A: almost no armour, stealthy swim, amphibious, 8 rings, constrict 8, camouflage
1, gelatinous body 1
a: Potion Petition, Call Merchant, Bribe Branch, Renounce Religion


You were on level 4 of the Dungeon.
You worshipped Gozag.
Gozag was aware of your devotion.
You visited 1 branch of the dungeon, and saw 5 of its levels.

You collected 525 gold pieces.
You paid 31 gold pieces to Gozag.

Inventory:

Hand Weapons
 a - a +1 scimitar (weapon)
 s - a cursed -1 short sword
 t - a +0 dagger of speed
Missiles
 u - a javelin (quivered)
Armour
 b - a +0 kite shield (worn)
Magical Staves
 o - an uncursed staff of conjuration
Jewellery
 f - a +6 ring of intelligence (right tentacle)
 r - a ring of see invisible (left tentacle)
Wands
 m - a wand of iceblast (9)
 p - a wand of digging (6)
Scrolls
 g - 2 scrolls of remove curse
 h - a scroll of immolation {unknown}
 i - a scroll of amnesia {unknown}
 j - 2 scrolls of enchant weapon
 k - a scroll of teleportation {unknown}
 l - 2 scrolls of enchant armour {unknown}
 v - 2 scrolls of identify
Potions
 c - a potion of might
 d - 2 potions of degeneration
 e - a potion of brilliance
 n - a potion of flight
 w - a potion of attraction {unknown}


   Skills:
 + Level 3.9 Fighting
 - Level 4.0 Long Blades
 + Level 0.6 Staves
 - Level 2.2 Throwing
 + Level 3.7 Dodging
 + Level 3.2 Stealth
 + Level 3.8 Shields
 - Level 2.1 Unarmed Combat
 + Level 0.5 Spellcasting
 * Level 1.0 Conjurations
 + Level 0.9 Evocations


You had 4 spell levels left.
You knew the following spells:

 Your Spells              Type           Power        Failure   Level
a - Magic Dart            Conj           #...         50%         1
b - Searing Ray           Conj           #.....       65%         2

Your spell library contained the following spells:

 Spells                   Type           Power        Failure   Level
 Dazzling Flash           Conj/Hex       #.....       91%         3
 Fulminant Prism          Conj/Hex       #.........   100%        4
 Iskenderun's Mystic Bla  Conj/Tloc      #.......     100%        4


Dungeon Overview and Level Annotations

Branches:
Dungeon (5/15)             Temple (0/1) D:5

Altars:
Cheibriados
Gozag
Ru
Trog


Innate Abilities, Weirdness & Mutations

You cannot wear most types of armour.
You are very stealthy in the water. (Stealth+)
You are amphibious.
You can wear up to eight rings at the same time.
You can use your tentacles to constrict eight enemies at once.
Your skin changes colour to match your surroundings (Stealth+).
Your rubbery body absorbs attacks. (AC +1, EV +1)


Message History

The orc wizard hits you with a +0 dagger.
You bump into the rock wall.
You feel less invigorated.
You feel less confused.
The orc wizard hits you with a +0 dagger.
You block the orc wizard's attack. The orc barely misses you.
You block the orc's attack.
You hit the orc. Your grab misses the orc. You squeeze the orc.
You kill the orc!
The orc wizard hits you with a +0 dagger.
You block the orc wizard's attack. The orc wizard completely misses you.
The orc wizard casts a spell.
The orc wizard blinks!
The orc hits you from afar with a +0 trident!
* * * LOW HITPOINT WARNING * * *
The orc wizard points at you and mumbles some strange words.
The magic dart hits you!
* * * LOW HITPOINT WARNING * * *
The orc wizard hits you with a +0 dagger.
You die...
Your body crumbles into a pile of gold.

#...............######.###
#.###.....................
########...........#
#...........#
#........)..#
#......)....#
...........#.#
########.#..# #
#.o@ยง....o.# #.###o.....#
#.#.......######
#.#.#............
#.#o......#######
..o...$.###.........
........##<..#######
.............#
.......$.##..#


You could see 2 orc wizards and an orc.

Vanquished Creatures
  An orc warrior (D:3)
  An ogre (D:4)
  2 orc priests
  Natasha (thrice) (D:3)
  3 orc wizards
  4 adders
  3 worms (D:2)
  A leopard gecko (D:1)
  13 orcs
  4 giant cockroaches
  4 goblins
  4 hobgoblins (D:3)
  8 jackals
  A quokka (D:2)
  A ball python (D:3)
  10 bats
  6 frilled lizards
  10 kobolds
  12 rats
91 creatures vanquished.

Notes
Turn   | Place    | Note
-------+----------+-------------------------------------------
     0 | D:1      | runemasterragnar the Octopode Fighter began the quest for
                  | the Orb.
     0 | D:1      | Reached XP level 1. HP: 16/16 MP: 1/1
   134 | D:1      | Reached XP level 2. HP: 19/21 MP: 2/2
   326 | D:1      | Reached skill level 1 in Stealth
   482 | D:1      | Reached XP level 3. HP: 26/26 MP: 3/3
  1126 | D:2      | Found an opulent altar of Gozag.
  1264 | D:2      | Became a worshipper of Gozag Ym Sagoz the Greedy
  1371 | D:2      | Found a sacrificial altar of Ru.
  1378 | D:2      | Reached skill level 1 in Throwing
  1378 | D:2      | Reached skill level 1 in Unarmed Combat
  1378 | D:2      | Reached XP level 4. HP: 23/31 MP: 4/4
  1606 | D:2      | Noticed a moth of wrath
  1609 | D:2      | Found a bloodstained altar of Trog.
  1616 | D:2      | Reached skill level 3 in Long Blades
  1938 | D:3      | Noticed Natasha
  1944 | D:3      | Killed Natasha
  2153 | D:3      | Reached XP level 5. HP: 35/36 MP: 5/5
  2326 | D:3      | Noticed Natasha
  2330 | D:3      | Killed Natasha
  2656 | D:3      | Noticed an orc warrior
  2666 | D:3      | Killed an orc warrior
  2667 | D:3      | Reached XP level 6. HP: 24/43 MP: 6/6
  3065 | D:3      | Noticed Natasha
  3070 | D:3      | Killed Natasha
  3071 | D:3      | Reached skill level 4 in Long Blades
  3159 | D:3      | Learned a level 1 spell: Magic Dart
  3162 | D:3      | Learned a level 2 spell: Searing Ray
  3187 | D:4      | Noticed a phantom
  3196 | D:4      | Reached XP level 7. HP: 28/47 MP: 7/7
  3634 | D:4      | Found a snail-covered altar of Cheibriados.
  3905 | D:5      | Entered Level 5 of the Dungeon
  3905 | D:5      | Found a staircase to the Ecumenical Temple.
  3913 | D:4      | Reached skill level 1 in Conjurations
  3979 | D:4      | Slain by an orc wizard

Illustrated notes

Levels and vault maps discovered:
D:1:      psy_arrival_whirlpool, layout_loops_cross, kennysheep_crisscross,
          minmay_pentomino_q4
D:2:      layout_loops_corners, tgw_trog, nicolae_ru_great_annihilating_truth,
          nicolae_gozag_cash_rules_everything_around_me
D:3:      layout_basic, serial_glass, glass_columns_b, glass_columns_a,
          glass_columns_a, uniq_natasha
D:4:      minmay_polygon_palace, layout_basic, cheibriados_altar_1,
          nicolae_qazlal_general_emergency, nicolae_tso_swordbearing_angel
D:5:      layout_basic, gammafunk_temple_overflow_elements,
          minmay_temple_entry_arrows, uniq_sigmund, uniq_grinder, uniq_eustachio

Skill      XL: |  1  2  3  4  5  6  7 |
---------------+----------------------+-----
Stealth        | 1 2 3 |  3.2
Throwing       | 1 2 |  2.2
Unarmed Combat | 1 2 |  2.1
Long Blades    | 3 4 |  4.0
Conjurations   | 1 |  1.0
Fighting       | |  3.9
Staves         | |  0.6
Dodging        | |  3.7
Shields        | |  3.8
Spellcasting   | |  0.5
Evocations     | |  0.9

Action                   |  1- 3 |  4- 6 |  7- 9 || total
-------------------------+-------+-------+-------++-------
Melee: Long sword        |    48 |    70 |       ||   118
       Constrict         |    14 |    25 |     4 ||    43
       Tentacles         |     8 |    20 |     4 ||    32
       Scimitar          |       |    13 |    28 ||    41
       Punch             |       |     1 |     1 ||     2
Throw: Javelin           |       |       |     5 ||     5
  Use: Scroll            |       |     5 |     1 ||     6
       Potion            |       |     1 |     1 ||     2
 Stab: Sleeping          |    12 |    10 |     1 ||    23
Armor: Skin              |     4 |     4 |     2 ||    10
Dodge: Dodged            |    14 |    32 |    16 ||    62
Block: Kite shield       |    18 |    28 |    15 ||    61
       Rpst.: Long sword |     3 |    11 |       ||    14
       Scimitar          |       |     2 |     1 ||     3

Table legend: (Time is in decaauts)
 A = Elapsed time spent in this place.
 B = Non-inter-level travel time spent in this place.
 C = Inter-level travel time spent in this place.
 D = Time resting spent in this place.
 E = Time spent auto-exploring this place.
 F = Levels seen in this place.
 G = Mean time per level.
                   A        B        C        D        E       F      G
               +--------+--------+--------+--------+--------+-----+--------+
         Total |   4034 |   3823 |    211 |    501 |   2672 |   5 |  806.8 |
       Dungeon |   4034 |   3823 |    211 |    501 |   2672 |   5 |  806.8 |
               +--------+--------+--------+--------+--------+-----+--------+

Top non-repeatable levels by time:
     D:3: 1620 daAuts
     D:2: 1343 daAuts
     D:1: 614 daAuts
     D:4: 451 daAuts
     D:5: 4 daAuts
